[Event "Late-Titled-Tuesday-Blitz-February-20-2024"]
[Site "Chess.com"]
[Date "2024.02.20"]
[Round "4"]
[White "Maestro1986"]
[Black "Boundless_Strike"]
[Result "1-0"]
[WhiteElo "2516"]
[BlackElo "2629"]
[TimeControl "180+1"]
[EndTime "14:40:19 PST"]
[Termination "Maestro1986 won by checkmate"]

1. g3 e5 2. Bg2 d6 3. e4 f5 4. Nc3 fxe4 5. Nxe4 d5 6. Nc3 Nf6 7. Nge2 Nc6 8. d4 e4 9. Bg5 Be6 10. Nf4 Bf7 11. Bxf6 gxf6 12. Bh3 Bb4 13. O-O h5 14. Ne6 Qe7 15. Nxd5 Qd6 16. Ndxc7+ Ke7 17. d5 Ne5 18. Nxa8 Rxa8 19. Nf4 h4 20. c3 Bc5 21. Re1 hxg3 22. hxg3 Rg8 23. Kf1 e3 24. fxe3 Rxg3 25. Be6 Rf3+ 26.
Ke2 Rxf4 27. exf4 Bh5+ 28. Kd2 Bxd1 29. fxe5 Qb6 30. Raxd1 Qxb2+ 31. Kd3 fxe5 32. Rxe5 Kd6 33. Re2 Qb5+ 34. Kd2 Qc4 35. Ke1 Qh4+ 36. Kd2 Qc4 37. Rde1 Qxa2+ 38. Kd3 Qa6+ 39. c4 Qa3+ 40. Ke4 Qc3 41.
Kf5 Qxc4 42. Bf7 Qd3+ 43. Kf6 Qf3+ 44. Kg7 Bd4+ 45. Kf8 Qf4 46. Re6+ Kc5 47. d6 Qg5 48. Ke8 Kb4 49. d7 Qb5 50. R1e4 Kc3 51. Rd6 Bc5 52.
Rd5 b6 53. Kd8 Qc6 54. Ke8 a5 55. Be6 a4 56. Rd1 a3 57. Re2 b5 58. Rc1+ Kb4 59.
Re4+ Ka5 60. Rxc5 Qa8+ 61. d8=Q+ Qxd8+ 62. Kxd8 Kb6 63. Rxb5+ Kxb5 64. Re2 Kb4 65. Kd7 Ka4 66. Kd6 Kb4 67. Kd5 Ka4 68. Kd4 Kb4 69. Rc2 Ka4 70. Kc4 a2 71. Rxa2# 1-0

[Event "Late-Titled-Tuesday-Blitz-February-20-2024"]
[Site "Chess.com"]
[Date "2024.02.20"]
[Round "4"]
[White "LeninGuerra"]
[Black "Njal28"]
[Result "0-1"]
[WhiteElo "2578"]
[BlackElo "2999"]
[TimeControl "180+1"]
[EndTime "14:40:20 PST"]
[Termination "Njal28 won by resignation"]

1. e4 e5 2. Nf3 Nc6 3. Bb5 a6 4.
Ba4 Nf6 5. Qe2 b5 6. Bb3 Bc5 7. c3 O-O 8. O-O Bb6 9. Rd1 d5 10.
d3 d4 11. Bg5 h6 12. Bh4 Re8 13. c4 Na5 14. Nbd2 Nxb3 15. axb3 Rb8 16. b4 c6 17. Rdc1 Bb7 18. cxb5 cxb5 19. Nb3 Qd6 20. Nc5 Bxc5 21. bxc5 Qc6 22. Nd2 Nd7 23. Nb3 Qe6 24. Na5 Bc6 25. b4 Rbc8 26. Qa2 Qxa2 27. Rxa2 Re6 28. Bg3 g5 29. Nb3 Nb8 30. h4 f6 31. hxg5 hxg5 32. Rca1 Be8 33. Ra3 Bf7 34. Na5 Re7 35. f3 Kg7 36. Kf2 Rh8 37. Rc1 Rc7 38. Nb3 Bxb3 39. Rxb3 Nc6 40. Ra1 Ra7 41. Kg1 Rha8 42. Be1 Kg6 43. Kf2 Rh7 44. Rba3 Rha7 45. R1a2 f5 46. Ra1 f4 47. R1a2 Kh5 48. Ra1 g4 49. R1a2 g3+ 50. Ke2 Kg5 51. Ra1 Kf6 52. R1a2 Ke6 53. Ra1 Kd7 54.
R1a2 Rh8 55. Rxa6 Rxa6 56. Rxa6 Rh2 57. Kf1 Rh1+ 58. Ke2 Rg1 59. Rb6 Rxg2+ 60. Kf1 Rh2 61. Rb7+ Kc8 62. Rb6 Rh1+ 63. Kg2 Rh2+ 64. Kg1 Kd7 65.
Rb7+ Kd8 66. Rxb5 Re2 67. Kf1 g2+ 68. Kxe2 g1=Q 69. Rb6 Qe3+ 70. Kf1 Qxd3+ 71. Kg2 Qe2+ 72. Bf2 d3 73. Rxc6 d2 74. Rd6+ Ke7 75. b5 d1=Q 76. Rxd1 Qxd1 77. b6 Kd7 78. Bg1 Kc6 79. Bf2 Qc2 80.
b7 Kxb7 81. Kg1 Kc6 82. Kg2 Qe2 83. Kg1 Qxf3 0-1

[Event "Late-Titled-Tuesday-Blitz-February-20-2024"]
[Site "Chess.com"]
[Date "2024.02.20"]
[Round "4"]
[White "NCchamp"]
[Black "Thjop"]
[Result "0-1"]
[WhiteElo "2326"]
[BlackElo "2599"]
[TimeControl "180+1"]
[EndTime "14:40:20 PST"]
[Termination "Thjop won by checkmate"]

1. d4 Nf6 2. Bg5 c5 3. Bxf6 gxf6 4. c3 Qb6 5. Qd2 Nc6 6. e3 d5 7. Nf3 e6 8. Be2 Bd7 9. a3 a5 10. a4 c4 11. Na3 f5 12. Nb5 Na7 13. Nxa7 Rxa7 14.
Qc2 Bd6 15. Ne5 Bxe5 16. dxe5 Qc7 17. f4 Ra6 18. O-O Rb6 19. Rfb1 Ke7 20. Kf2 Qc5 21. Qd2 Rc8 22. Qd4 Rb3 23. Bd1 Rb6 24. Ra2 Rc7 25.
Rc1 Rc8 26. Rc2 Be8 27. Kg1 Qxd4 28. exd4 f6 29. exf6+ Kxf6 30. Kf2 Bd7 31. Re2 Rb8 32. h3 h5 33. h4 Be8 34. Re3 Bf7 35. Re2 Ra6 36. Ra1 Be8 37. Bc2 Bd7 38. Ree1 b5 39. axb5 Rxb5 40. Reb1 Rbb6 41. b3 cxb3 42. Rxb3 a4 43.
Rba3 Rb2 44. R1a2 Rxa2 45. Rxa2 a3 46. Ke3 Bb5 47. Bd3 Bc4 48. Bxc4 dxc4 49. g3 Ke7 50. d5 exd5 51. Kd4 Kd6 52. Ke3 Kc5 53. Ra1 a2 54.
Kd2 d4 55. Kc2 d3+ 56. Kb2 Kd5 57. Kc1 Ke4 58. Kd2 Kf3 59. Kd1 Kxg3 60. Kd2 Kxf4 61.
Rf1+ Kg4 62. Rg1+ Kxh4 63. Ra1 f4 64. Ke1 Kg3 65. Kf1 f3 66. Kg1 h4 67. Kf1 h3 68.
Kg1 Kf4 69. Kh1 Ke3 70. Kg1 Kd2 71. Kf1 Kxc3 72. Ke1 Kd4 73. Kd2 c3+ 74. Kd1 Ke3 75. Kc1 h2 76. Rxa2 Rxa2 77. Kb1 Rb2+ 78. Ka1 h1=Q# 0-1

[Event "Late-Titled-Tuesday-Blitz-February-20-2024"]
[Site "Chess.com"]
[Date "2024.02.20"]
[Round "4"]
[White "tusplingher"]
[Black "rickywsb"]
[Result "0-1"]
[WhiteElo "2458"]
[BlackElo "2341"]
[TimeControl "180+1"]
[EndTime "14:40:22 PST"]
[Termination "rickywsb won by resignation"]

1. e4 c5 2. Nf3 Nc6 3. Bb5 e6 4. O-O Nge7 5. d4 cxd4 6. Nxd4 a6 7. Nxc6 Nxc6 8. Be2 Be7 9. Be3 b5 10. a4 b4 11. Nd2 d5 12. exd5 exd5 13. Nb3 Bb7 14.
Nc5 Bxc5 15. Bxc5 Ne7 16. Bxe7 Qxe7 17. Bb5+ Kf8 18. Bd3 g6 19. Qg4 Kg7 20. Rfe1 Qc5 21. Qd7 Bc8 22. Qe7 Qxe7 23. Rxe7 Be6 24. Rb7 a5 25.
Re1 Rhb8 26. Rxb8 Rxb8 27. Kf1 b3 28. c3 Rd8 29. Rd1 Kf6 30. Bb5 Bf5 31. Ke2 Ke5 32. Rd4 h5 33. h3 Be6 34. Ke3 g5 35. Be2 h4 36. Bd1 Rb8 37. f4+ gxf4+ 38. Rxf4 Rg8 39. Bf3 Rh8 40. Rd4 f5 41. Bd1 Rg8 42. Kf2 f4 43. Rd2 Rb8 44. Bf3 Rd8 45. Rd4 Rd6 46. Ke2 Bd7 47. Kd2 Bc6 48. Bd1 Rg6 49. Bf3 Rg7 50. Ke1 Rg3 51. Rd2 Rg7 52. c4 Rd7 53. Kd1 Rd6 54. c5 Rd7 55. Rd3 Bxa4 56. Kd2 d4 57. Kd1 Bb5 58. Rd2 d3 59. c6 Rc7 60.
Ke1 Bxc6 61. Rxd3 Bxf3 62. Re3+ Kd4 63. Rxf3 Rc1+ 64. Kd2 Rc2+ 65. Kd1 Rxb2 66. Rxf4+ Kd3 67. Rf3+ Kd4 68. Rf4+ Kc3 69. Rf3+ Kb4 70. Rf4+ Ka3 71. Rxh4 Rxg2 72. Rh5 a4 73. Ra5 b2 74. Rb5 Ka2 75.
h4 b1=Q+ 76. Rxb1 Kxb1 0-1

[Event "Late-Titled-Tuesday-Blitz-February-20-2024"]
[Site "Chess.com"]
[Date "2024.02.20"]
[Round "4"]
[White "Angry_Twin"]
[Black "SchmakAttack"]
[Result "1-0"]
[WhiteElo "2978"]
[BlackElo "2826"]
[TimeControl "180+1"]
[EndTime "14:40:46 PST"]
[Termination "Angry_Twin won by resignation"]

1. e4 e6 2. d4 d5 3. Nd2 c5 4. exd5 Qxd5 5. Ngf3 cxd4 6. Bc4 Qd6 7. O-O Nf6 8. Nb3 Nc6 9. Nbxd4 Nxd4 10. Nxd4 Be7 11.
c3 O-O 12. Bb3 a5 13. Bg5 Bd7 14. Ba4 Rfd8 15. Re1 Qc5 16. Be3 Qc4 17. Bxd7 Rxd7 18. Qb3 Qc8 19. a4 Nd5 20. Bd2 Bf6 21. Nf3 Qc6 22. Qb5 h6 23. h3 Nb6 24. Bf4 Rd5 25. Qxc6 bxc6 26. Re2 Kf8 27. Nd2 Bg5 28. Bxg5 hxg5 29.
Kf1 Ke7 30. Ke1 Rad8 31. Nf3 f6 32. Nd4 R8d6 33. b3 Kf7 34. Rc1 e5 35. Nf5 Rd7 36. Ne3 Rd3 37. Nd1 Nd5 38. g3 Ke6 39. Rec2 e4 40. Nb2 f5 41. Nxd3 exd3 42. Rd2 Nf6 43. Rcd1 Rb7 44. Rb1 Rd7 45. f3 Nh5 46. Kf2 f4 47. g4 Ng3 48. Rbd1 Rb7 49. Rb1 Rd7 50. Re1+ Kf6 51. b4 axb4 52. cxb4 Rd4 53. b5 Rxa4 54. bxc6 Rc4 55. Rxd3 Rc2+ 56. Kg1 Ne2+ 57. Rxe2 Rxe2 58.
Rc3 Re8 59. c7 Rc8 60. Rc6+ Ke5 61. Kg2 Kd5 62. Rg6 Rxc7 63. Rxg5+ Kd4 64. Rg6 Rc2+ 65.
Kf1 Ke3 66. Rxg7 Kxf3 67. Ke1 Kg3 68. g5 f3 69. Rf7 f2+ 70. Kd1 Ra2 71. g6 Ra1+ 72.
Ke2 Re1+ 73. Kd2 f1=Q 74. Rxf1 Rxf1 75. g7 Rf2+ 76. Ke1 Rg2 77. g8=Q+ Kxh3 78. Qh7+ Kg3 79. Qg6+ Kf3 80. Qf5+ Kg3 81. Kf1 Rh2 82. Qg5+ Kh3 83. Kg1 Ra2 84. Qh6+ Kg3 85. Qg6+ Kh3 86. Qh7+ 1-0

[Event "Late-Titled-Tuesday-Blitz-February-20-2024"]
[Site "Chess.com"]
[Date "2024.02.20"]
[Round "4"]
[White "emeli_chess"]
[Black "Ajedrez_con_German"]
[Result "1/2-1/2"]
[WhiteElo "2427"]
[BlackElo "2640"]
[TimeControl "180+1"]
[EndTime "14:40:47 PST"]
[Termination "Game drawn - insufficient material"]

1. d4 Nf6 2. c4 e6 3. Nc3 d5 4.
cxd5 Nxd5 5. e4 Nxc3 6. bxc3 c5 7.
Nf3 cxd4 8. cxd4 Bb4+ 9. Bd2 Bxd2+ 10. Qxd2 O-O 11. Bd3 Nd7 12. O-O b6 13. Rad1 Bb7 14.
Rfe1 Rc8 15. Bb1 Qc7 16. d5 Ne5 17. Nxe5 Qxe5 18. f4 Qc3 19. Qxc3 Rxc3 20. d6 f6 21. e5 Kf7 22. Rc1 Rc5 23. Rxc5 bxc5 24. Be4 Bxe4 25. Rxe4 fxe5 26. fxe5 Kg6 27. Rg4+ Kf5 28. Rxg7 Kxe5 29.
Rxa7 c4 30. Rc7 Kd4 31. d7 Rd8 32. Kf2 Kd3 33. Ke1 e5 34. Rc5 Rxd7 35. Rxe5 c3 36. Kd1 Rf7 37. Rd5+ Kc4 38. Rd8 Rf1+ 39. Kc2 Rf2+ 40.
Kc1 Rxg2 41. h4 Rxa2 42. Rd7 h5 43. Rc7+ Kd4 44. Rd7+ Ke4 45. Rc7 Kf4 46. Rxc3 Kg4 47. Rc4+ Kh3 48. Kd1 Rf2 49. Ke1 Rf7 50. Ke2 Rf6 51.
Ke1 Kg3 52. Ke2 Kg2 53. Ke1 Re6+ 54. Kd2 Kg3 55. Kd3 Re7 56. Kd2 Re8 57. Kd3 Rg8 58. Ke2 Re8+ 59. Kf1 Rf8+ 60. Kg1 Rd8 61. Rc3+ Kxh4 62. Kg2 Rd2+ 63. Kg1 Rd4 64. Ra3 Kg4 65. Kh2 Rd2+ 66. Kg1 Rd4 67. Kh2 h4 68. Ra8 Rd2+ 69.
Kg1 Rd3 70. Rg8+ Kh3 71. Kh1 Rd2 72. Rg7 Rd3 73. Rg8 Rd1+ 74. Rg1 Rd2 75. Ra1 Rh2+ 76. Kg1 Rg2+ 77. Kh1 Rg3 78. Ra2 Rd3 79. Rh2+ Kg3 80.
Rg2+ Kf4 81. Rg8 h3 82. Kh2 Re3 83. Rg7 Rd3 84. Rg8 Re3 85. Rg7 Kf5 86. Rg3 Rxg3 87.
Kxg3 h2 88. Kxh2 1/2-1/2

[Event "Late-Titled-Tuesday-Blitz-February-20-2024"]
[Site "Chess.com"]
[Date "2024.02.20"]
[Round "4"]
[White "Jaka_Brilej"]
[Black "azikom"]
[Result "0-1"]
[WhiteElo "2506"]
[BlackElo "2659"]
[TimeControl "180+1"]
[EndTime "14:41:09 PST"]
[Termination "azikom won by checkmate"]

1. d4 d5 2. c4 e6 3. Nf3 c6 4. Nbd2 f5 5. g3 Nf6 6. Bg2 Bd6 7. O-O O-O 8. Ne1 Nbd7 9. Nd3 Ne4 10. f3 Nxd2 11. Bxd2 dxc4 12. Bf4 Nb6 13. Ne5 Nd5 14. Qc2 Nxf4 15. gxf4 b5 16. Rad1 Qb6 17. Kh1 a6 18. e4 Ra7 19. b3 cxb3 20. axb3 c5 21. d5 fxe4 22. fxe4 exd5 23. exd5 Bf5 24. Be4 Bxe4+ 25. Qxe4 Re7 26. Rg1 Qc7 27. Rde1 Qc8 28. Qg2 Qc7 29. Qg3 c4 30. bxc4 bxc4 31. Re4 c3 32. Rc4 Qa5 33. Qg2 Rc7 34. Nc6 Qb5 35. Rxc3 Rxf4 36. Rg3 Bf8 37. Nd8 Rd7 38. Ne6 Rff7 39. Nxf8 Kxf8 40.
Rd1 a5 41. Rgd3 g6 42. Qc2 Kg7 43. Qc3+ Kg8 44. Rh3 Rf8 45. Qd2 Qc4 46. Re1 Qxd5+ 47. Qxd5+ Rxd5 48. Ra3 Rf7 49. Rea1 Ra7 50. Ra4 Kg7 51.
Kg2 h5 52. Kg3 Kh6 53. h4 Rb5 54. R1a3 Rc5 55. Rf3 Kg7 56. Rfa3 Rd5 57. Rf3 Rf5 58. Rfa3 Kf6 59. Re3 g5 60. hxg5+ Kxg5 61. Rea3 Re5 62. Rb3 Rf7 63. Rba3 Rff5 64. Rb3 Rb5 65. Rc3 Rfc5 66. Rca3 Rd5 67. Rf3 Rbc5 68. Re3 Rb5 69. Rf3 Rb4 70. Rfa3 Rxa4 71. Rxa4 Kf6 72. Kh3 Ke6 73. Kh4 Kd6 74. Ra3 Kc6 75. Ra4 Kb5 76. Ra3 a4 77. Ra1 Ka5 78. Rb1 Rb5 79. Rf1 Rc5 80. Ra1 Kb4 81.
Rg1 a3 82. Rg3 Ka4 83. Rg8 Rb5 84. Ra8+ Kb3 85. Ra5 Rxa5 86. Kh3 a2 87. Kh2 a1=Q 88. Kh3 Qh1+ 89. Kg3 Qg1+ 90. Kf4 Qg4+ 91. Ke3 Rf5 92. Kd2 Rf3 93. Kd1 Qg2 94. Ke1 Rf1# 0-1

[Event "Late-Titled-Tuesday-Blitz-February-20-2024"]
[Site "Chess.com"]
[Date "2024.02.20"]
[Round "4"]
[White "SaqoChess_Twitch"]
[Black "SouS007"]
[Result "1-0"]
[WhiteElo "2637"]
[BlackElo "2492"]
[TimeControl "180+1"]
[EndTime "14:42:16 PST"]
[Termination "SaqoChess_Twitch won by checkmate"]

1. d4 Nf6 2. c4 e6 3. Nc3 Bb4 4. a3 Bxc3+ 5. bxc3 O-O 6. e3 d6 7. Bd3 e5 8. Ne2 Re8 9. O-O e4 10. Bb1 Nbd7 11. Ng3 Nf8 12. f3 exf3 13. Qxf3 Bg4 14. Qf2 Ng6 15. h3 Be6 16. Bd3 d5 17. cxd5 Bxd5 18. c4 Be6 19. d5 Bd7 20. Bb2 Ne5 21.
Be2 Qe7 22. Bd4 c5 23. dxc6 Bxc6 24. Nf5 Qe6 25. Qg3 g6 26. Nh6+ Kg7 27. Ng4 Nfxg4 28. Bxg4 f5 29. Bxf5 Qe7 30. Ra2 Kg8 31. Raf2 Rad8 32.
Bb1 Rd7 33. h4 Qe6 34. h5 Rg7 35. hxg6 hxg6 36. Rf6 Qe7 37. Bxe5 Qxe5 38. Rf8+ Kh7 39. Bxg6+ Rxg6 40. R1f7+ Qg7 41. Rxg7+ Kxg7 42. Rf7+ Kxf7 43. Qf4+ Kg7 44. Qd4+ Kg8 45. g4 Re4 46. Qd8+ Kh7 47. Qc7+ Rg7 48. Qh2+ Kg8 49. Qb8+ Re8 50. Qxa7 Rxg4+ 51.
Kf1 Rf8+ 52. Ke2 Rg2+ 53. Kd3 Rd8+ 54. Kc3 Rgd2 55. Kb4 Rb2+ 56. Kc5 Rc8 57. Kd4 Rd2+ 58. Kc3 Rcd8 59. Kb4 R2d3 60. Qc5 R3d7 61. Qg5+ Kf8 62. Qf6+ Ke8 63. Qg6+ Rf7 64. e4 Kf8 65. e5 Re8 66. e6 Rfe7 67. Qh6+ Kg8 68. Qg6+ Kf8 69. Qf6+ Kg8 70.
Qg5+ Kf8 71. Qf4+ Kg8 72. Qg3+ Kf8 73. Qf2+ Kg8 74. a4 Rxe6 75. a5 Re2 76. Qg3+ Kf7 77. Qf4+ Kg7 78. Qg5+ Kf7 79. Qf5+ Kg7 80. Qg5+ Kf7 81.
Qh5+ Kg7 82. Qg4+ Kf6 83. Kc5 R8e5+ 84. Kb6 Rb2+ 85. Kc7 Re7+ 86. Kb8 Rbe2 87. Qf4+ Kg6 88. Qg4+ Kh7 89. Qh5+ Kg7 90. Qg5+ Kf8 91. Qf6+ Kg8 92.
Qg6+ Kf8 93. Qh6+ Kg8 94. c5 Re8+ 95. Ka7 R2e7 96. Qg6+ Rg7 97. Qb1 Re6 98. Qb3 Kf7 99.
a6 bxa6 100. Kxa6 Rg6 101. Ka5 Ke7 102. Qd3 Be4 103. Qd4 Rg2 104. Kb4 Bc6 105. Qh8 Re4+ 106. Kc3 Rg3+ 107. Kd2 Rgg4 108. Qh7+ Kd8 109. Qh8+ Kd7 110. Qh7+ Re7 111. Qd3+ Kc7 112. Qd6+ Kc8 113. Qxe7 Rd4+ 114. Kc3 Rd7 115. Qe8+ Kc7 116. Qe5+ Kc8 117. Kb4 Rd5 118. Qe6+ Kc7 119. Qe7+ Rd7 120. Qe5+ Kc8 121. Ka5 Kb7 122. Qb2+ Kc7 123. Qb6+ Kc8 124. Qxc6+ Rc7 125. Qe8+ Kb7 126. Kb5 Ka7 127. c6 Rh7 128. Qd7+ Kb8 129. Qxh7 Kc8 130. Qd7+ Kb8 131. Qb7# 1-0

[Event "Late-Titled-Tuesday-Blitz-February-20-2024"]
[Site "Chess.com"]
[Date "2024.02.20"]
[Round "4"]
[White "Oleksandr_Bortnyk"]
[Black "PacingRope"]
[Result "1/2-1/2"]
[WhiteElo "3077"]
[BlackElo "2910"]
[TimeControl "180+1"]
[EndTime "14:42:18 PST"]
[Termination "Game drawn by 50-move rule"]

1. e4 c5 2. c3 Nf6 3. e5 Nd5 4. d4 cxd4 5. Nf3 Nc6 6. cxd4 d6 7. Bc4 Nb6 8. Bb5 dxe5 9. Nxe5 Bd7 10. Nxd7 Qxd7 11.
Nc3 e6 12. O-O Bd6 13. Qg4 O-O 14. d5 exd5 15. Qxd7 Nxd7 16. Rd1 Nb6 17. Nxd5 Nxd5 18. Rxd5 Rfd8 19. Bxc6 bxc6 20. Rd2 Be5 21. Rb1 Rxd2 22.
Bxd2 Rd8 23. Be1 f5 24. h3 Kf7 25. Kf1 Ke6 26. b3 Ra8 27. Rc1 Kd5 28. Ke2 a5 29. Rc4 g6 30. Ra4 Bc7 31. Kf3 c5 32. Bc3 Kc6 33. Rc4 Kb5 34. Ra4 Rd8 35. Ke2 Re8+ 36.
Kd3 Rd8+ 37. Kc2 Re8 38. Kd1 Rd8+ 39. Bd2 Re8 40. Be3 Rd8+ 41. Kc2 Re8 42. Rc4 Bd6 43.
Kd3 Rd8 44. Ke2 Re8 45. Kf3 Rd8 46. g4 Rf8 47. gxf5 Rxf5+ 48. Ke2 Rh5 49. h4 Be7 50.
Re4 Bxh4 51. Re6 a4 52. bxa4+ Kxa4 53. Kd3 Kb5 54. a4+ Kxa4 55. Kc4 Ka3 56. Kc3 Ka4 57.
Kc4 Ka3 58. Bxc5+ Rxc5+ 59. Kxc5 Bxf2+ 60. Kc4 g5 61. Kc3 Ka4 62. Re4+ Kb5 63. Re5+ Kc6 64. Rxg5 Kd6 65. Kd3 Ke6 66. Rh5 Kd6 67. Ke4 Kc7 68.
Rh6 Kb7 69. Kd5 Bb6 70. Kc4 Ba7 71. Kb5 Ka8 72. Ka6 Bb8 73. Kb6 Ba7+ 74. Kc7 Bb8+ 75. Kc6 Ba7 76. Rh5 Bb8 77. Kb6 Ba7+ 78. Kc7 Bb8+ 79.
Kc8 Ba7 80. Kd7 h6 81. Kc6 Bb8 82. Ra5+ Ba7 83. Ra4 h5 84. Rh4 Bb8 85. Kb6 Ba7+ 86. Kc7 Bb8+ 87. Kc8 Ba7 88. Ra4 h4 89. Rxh4 Bb8 90.
Rh8 Bf4 91. Rf8 Bb8 92. Rf3 Ba7 93. Rb3 Bd4 94. Rb4 Ba7 95. Re4 Bb6 96. Re8 Ka7 97. Re6 Bc5 98. Kc7 Ka8 99. Re8+ Ka7 100. Kc6 Bd4 101.
Rd8 Be3 102. Rd3 Bf2 103. Ra3+ Kb8 104. Rf3 Bg1 105. Rf8+ Ka7 106. Rg8 Bf2 107. Rg2 Be3 108. Kc7 Bb6+ 109. Kc8 Be3 110. Ra2+ Kb6 111. Kd7 Kb5 112. Kd6 Kc4 113. Ra4+ Kb5 114. Re4 Bc5+ 115. Kd5 Bb6 116. Re2 Bg1 117. Rb2+ Ka6 118. Kc6 Ka7 119. Rb7+ Ka8 120. Rg7 Ba7 121. Rg2 Bb8 122. Rg8 Ka7 123. Kd7 Bh2 124. Kc8 Bb8 125. Rg7+ Ka8 126. Rb7 Ba7 127. Kc7 Bg1 128. Rb2 Ba7 129. Kc6 Bb8 130. Rg2 Ba7 131. Ra2 Kb8 132. Kb5 Ka8 133. Ka6 Bg1 134. Rg2 Ba7 135. Rg8+ Bb8 136. Kb5 Kb7 137. Rg7+ Ka8 138. Kb6 Bh2 139. Ra7+ 1/2-1/2

[Event "Late-Titled-Tuesday-Blitz-February-20-2024"]
[Site "Chess.com"]
[Date "2024.02.20"]
[Round "5"]
[White "Kiborg95"]
[Black "Nouali_Mohamed"]
[Result "0-1"]
[WhiteElo "2809"]
[BlackElo "2561"]
[TimeControl "180+1"]
[EndTime "14:49:07 PST"]
[Termination "Nouali_Mohamed won by resignation"]

1. e4 c5 2. Nc3 Nc6 3. Nge2 g6 4. d4 cxd4 5. Nxd4 Bg7 6. Be3 Nf6 7. Bc4 O-O 8. Bb3 d6 9. f3 Bd7 10. h4 h5 11. Qd2 Rc8 12. O-O-O Ne5 13. Kb1 b5 14.
Bc4 Nxc4 0-1

[Event "Late-Titled-Tuesday-Blitz-February-20-2024"]
[Site "Chess.com"]
[Date "2024.02.20"]
[Round "5"]
[White "dennisodessa"]
[Black "maroro07"]
[Result "1-0"]
[WhiteElo "2575"]
[BlackElo "2401"]
[TimeControl "180+1"]
[EndTime "14:50:22 PST"]
[Termination "dennisodessa won by resignation"]

1. d4 d6 2. c4 e5 3. d5 f5 4.
e4 Nf6 5. Nc3 Be6 6. dxe6 fxe4 7. Nge2 Nc6 8. Ng3 Qe7 9. Nd5 Qd8 10. Nf5 g6 11. Bg5 gxf5 12. Bxf6 1-0

[Event "Late-Titled-Tuesday-Blitz-February-20-2024"]
[Site "Chess.com"]
[Date "2024.02.20"]
[Round "5"]
[White "Bala-Afiada"]
[Black "Fore_Man"]
[Result "0-1"]
[WhiteElo "1968"]
[BlackElo "2352"]
[TimeControl "180+1"]
[EndTime "14:50:58 PST"]
[Termination "Fore_Man won by resignation"]

1. d4 Nf6 2. c4 e6 3. g3 d5 4. Nf3 dxc4 5. Ne5 c5 6. Qa4+ Bd7 7. Qxc4 cxd4 8. Bg2 Nc6 9. Nxc6 bxc6 10. Bxc6 Rc8 11. Bxd7+ Qxd7 0-1

[Event "Late-Titled-Tuesday-Blitz-February-20-2024"]
[Site "Chess.com"]
[Date "2024.02.20"]
[Round "5"]
[White "aistrel"]
[Black "rickywsb"]
[Result "1-0"]
[WhiteElo "2537"]
[BlackElo "2337"]
[TimeControl "180+1"]
[EndTime "14:51:10 PST"]
[Termination "aistrel won by resignation"]

1. d4 d5 2. Bf4 Nf6 3. e3 c5 4.
Nc3 Nc6 5. Nb5 e5 6. Bxe5 Nxe5 7.
dxe5 Ne4 8. Qxd5 Qxd5 9. Nc7+ Kd7 10. Nxd5 Kc6 11. c4 b5 12. f3 Ng5 13. O-O-O b4 14. Bd3 g6 15. f4 Ne6 16. Nxb4+ 1-0

[Event "Late-Titled-Tuesday-Blitz-February-20-2024"]
[Site "Chess.com"]
[Date "2024.02.20"]
[Round "5"]
[White "Sajkochess"]
[Black "tgpgoat"]
[Result "1-0"]
[WhiteElo "2381"]
[BlackElo "2546"]
[TimeControl "180+1"]
[EndTime "14:51:49 PST"]
[Termination "Sajkochess won by resignation"]

1. e4 c5 2. Nf3 e6 3. d4 cxd4 4. Nxd4 Nc6 5. Nc3 Qc7 6. g3 Nf6 7. Ndb5 Qb8 8. Bf4 e5 9. Bg5 a6 10. Bxf6 axb5 11. Bg5 b4 12. Nd5 Bc5 13. Bc4 O-O 14.
Qh5 Na5 15. Nf6+ gxf6 16. Bxf6 Bxf2+ 1-0

[Event "Late-Titled-Tuesday-Blitz-February-20-2024"]
[Site "Chess.com"]
[Date "2024.02.20"]
[Round "5"]
[White "DraningWaterHi"]
[Black "noblerone"]
[Result "0-1"]
[WhiteElo "2247"]
[BlackElo "2514"]
[TimeControl "180+1"]
[EndTime "14:52:08 PST"]
[Termination "noblerone won by resignation"]

1. d4 d5 2. Bf4 e6 3. e3 Bd6 4. Nf3 Bxf4 5. exf4 c5 6. c3 cxd4 7. cxd4 Nc6 8. Nc3 Nf6 9. Ne5 Qb6 10. Bb5 O-O 11. Bxc6 bxc6 12. Qd2 Ba6 13. Na4 Qb5 14. Nc5 Ne4 15. Nxe4 dxe4 16. b3 Rfd8 17. Rc1 Rac8 18. Rc5 Qb6 19. h4 f6 20. Ng4 Rd7 21. Ne3 Rcd8 22. Nc2 Qxc5 0-1

[Event "Late-Titled-Tuesday-Blitz-February-20-2024"]
[Site "Chess.com"]
[Date "2024.02.20"]
[Round "5"]
[White "mirciulica14"]
[Black "FREZZY23"]
[Result "1-0"]
[WhiteElo "2647"]
[BlackElo "2420"]
[TimeControl "180+1"]
[EndTime "14:52:09 PST"]
[Termination "mirciulica14 won by resignation"]

1. Nf3 Nf6 2. b3 g6 3. Bb2 Bg7 4. g3 O-O 5. Bg2 d5 6. c4 c5 7.
cxd5 Nxd5 8. Bxg7 Kxg7 9. h4 h5 10. Qc1 Qd6 11. Nc3 Nxc3 12. Qxc3+ f6 13. Rc1 Nd7 14. O-O Rb8 15. Rfd1 b6 16. d4 cxd4 17. Nxd4 Bb7 18. Nf5+ gxf5 19. Rxd6 exd6 20. Qc7 Bxg2 21. Qxd7+ Rf7 22. Qxd6 1-0

[Event "Late-Titled-Tuesday-Blitz-February-20-2024"]
[Site "Chess.com"]
[Date "2024.02.20"]
[Round "5"]
[White "delqate"]
[Black "Mops_2004"]
[Result "0-1"]
[WhiteElo "2530"]
[BlackElo "2777"]
[TimeControl "180+1"]
[EndTime "14:52:10 PST"]
[Termination "Mops_2004 won by resignation"]

1. e4 g6 2. d4 Bg7 3. Nc3 d6 4. f4 Nf6 5. Nf3 c5 6. Bb5+ Bd7 7. Bxd7+ Nbxd7 8. d5 O-O 9. O-O b5 10. e5 dxe5 11.
fxe5 Ng4 12. e6 fxe6 13. dxe6 Nde5 14. Bg5 Nxf3+ 15. Rxf3 Qd4+ 16. Kh1 Nf2+ 17. Rxf2 Rxf2 18. Qxd4 cxd4 19. Nxb5 Rf5 0-1

[Event "Late-Titled-Tuesday-Blitz-February-20-2024"]
[Site "Chess.com"]
[Date "2024.02.20"]
[Round "5"]
[White "ansko1999"]
[Black "a_kandil"]
[Result "1-0"]
[WhiteElo "2661"]
[BlackElo "2425"]
[TimeControl "180+1"]
[EndTime "14:52:37 PST"]
[Termination "ansko1999 won by resignation"]

1. Nf3 c5 2. e4 d6 3. Bb5+ Nd7 4. Ba4 a6 5. c4 g6 6. O-O Bg7 7. Nc3 Nf6 8. d3 O-O 9. h3 Rb8 10. Be3 Ne8 11. d4 cxd4 12. Nxd4 Nc5 13. Bc2 Nc7 14. Rb1 Bd7 15. Qd2 b5 16. b4 N5e6 17. cxb5 axb5 18. Bb3 Nxd4 19. Bxd4 Bc6 20. Bxg7 Kxg7 21. Rbc1 Qd7 22. Nd5 Rfc8 23. Qc3+ Kg8 24. Qxc6 Qxc6 25.
Rxc6 Nxd5 26. Rxc8+ Rxc8 27. exd5 Kg7 28. a4 bxa4 29. Bxa4 Kf6 30. Bc6 Rb8 31. b5 e6 32.
Rb1 Ke5 33. b6 Kd4 34. b7 Kc5 35. Rb5+ Kc4 36. Ra5 1-0

[Event "Late-Titled-Tuesday-Blitz-February-20-2024"]
[Site "Chess.com"]
[Date "2024.02.20"]
[Round "5"]
[White "Genghis_K"]
[Black "FairChess_on_YouTube"]
[Result "0-1"]
[WhiteElo "2938"]
[BlackElo "3060"]
[TimeControl "180+1"]
[EndTime "14:52:44 PST"]
[Termination "FairChess_on_YouTube won by resignation"]

1. e4 e5 2. Nf3 Nc6 3. d4 exd4 4. Nxd4 Bc5 5. Nb3 Bb6 6. Nc3 d6 7. Bf4 Nf6 8. Qd2 O-O 9. O-O-O a5 10. Bb5 a4 11.
Na1 a3 12. b3 Ba5 13. f3 Nb4 14.
Kb1 Be6 15. Bg5 h6 16. Bh4 Nxe4 17. Nxe4 Qxh4 18. c3 Nd5 19. Bc4 c6 20. Nc2 b5 21.
Bxd5 cxd5 22. Ng3 Rfc8 23. Nb4 Qf6 24. Ne2 Bxb4 0-1

[Event "Late-Titled-Tuesday-Blitz-February-20-2024"]
[Site "Chess.com"]
[Date "2024.02.20"]
[Round "5"]
[White "Superfelix"]
[Black "jk13"]
[Result "1/2-1/2"]
[WhiteElo "2528"]
[BlackElo "2707"]
[TimeControl "180+1"]
[EndTime "14:52:44 PST"]
[Termination "Game drawn by repetition"]

1. e4 e5 2. Nf3 Nc6 3. d4 exd4 4. Nxd4 Bb4+ 5. Nc3 Nf6 6. Nxc6 bxc6 7. Bd3 O-O 8.
O-O d5 9. exd5 cxd5 10. Bg5 Be6 11. Qf3 Be7 12. Rad1 Bg4 13. Qg3 Bxd1 14. Rxd1 c6 15. Qh4 h6 16. Bxh6 gxh6 17. Qxh6 Re8 18. Qg5+ Kf8 19.
Qh6+ Kg8 20. Qg5+ Kf8 21. Qh6+ Kg8 1/2-1/2

[Event "Late-Titled-Tuesday-Blitz-February-20-2024"]
[Site "Chess.com"]
[Date "2024.02.20"]
[Round "5"]
[White "Alphafischer2019"]
[Black "dropstoneDP"]
[Result "0-1"]
[WhiteElo "2671"]
[BlackElo "3007"]
[TimeControl "180+1"]
[EndTime "14:52:46 PST"]
[Termination "dropstoneDP won by resignation"]

1. Nf3 d5 2. g3 g6 3. Bg2 Bg7 4. d4 Nf6 5. O-O O-O 6. c4 dxc4 7. Ne5 c5 8. dxc5 Qc7 9. Nxc4 Qxc5 10. Nba3 Nc6 11. Be3 Qh5 12. Bf4 Bh3 13. Re1 Rfd8 14. Qb3 Bxg2 15. Kxg2 Nd5 16. Qf3 Qxf3+ 17. Kxf3 Nd4+ 18.
Kg2 Nxf4+ 19. gxf4 b5 20. Ne3 a6 21. Rab1 Rac8 22.
Kg3 e6 23. Rbc1 Rxc1 24. Rxc1 Nxe2+ 0-1